 Dungeon Crawl Stone Soup version 0.27-a0-279-gdfb9265905 (webtiles) character file.

Game seed: 16582465132583950171

3751 runemasterragnar the Grappler (level 9, -15/91 HPs)
             Began as a Troll Chaos Knight on Feb 8, 2021.
             Was a Plaything of Xom.
             Demolished by a troll (18 damage)
             ... on level 8 of the Dungeon.
             The game lasted 00:10:54 (6776 turns).

runemasterragnar the Grappler (Troll Chaos Knight)  Turns: 6776, Time: 00:10:55

Health: -15/91     AC:  9    Str: 25    XL:     9   Next: 93%
Magic:  8/8        EV:  8    Int: 10    God:    Xom [*.....]
Gold:   1916       SH:  0    Dex: 11    Spells: 8/8 levels left

rFire    + . .     SeeInvis .   g - +7 mace of Variability {chain chaos}
rCold    . . .     Faith    .   (shield currently unavailable)
rNeg     . . .     Spirit   .   a - +2 robe
rPois    .         Reflect  .   (helmet restricted)
rElec    +         Harm     .   (no cloak)
rCorr    +         Rampage  .   (gloves unavailable)
Will     +....                  (boots unavailable)
Stlth    ++........             (no amulet)
HPRegen  0.65/turn              d - -4 ring of evasion (curse)
MPRegen  0.11/turn              p - ring of resist corrosion

@: no status effects
A: large, unfitting armour, antennae 1, claws 3, fangs 1, rugged brown scales 1,
thin skeletal structure 1, fire resistance 1, strong-willed 1, regeneration 1,
shaggy fur 1, electricity resistance, strong 1, tough skin 3, wild magic 1
a: Renounce Religion


You were on level 8 of the Dungeon.
You worshipped Xom.
You were a special plaything of Xom.
You visited 1 branch of the dungeon, and saw 8 of its levels.
You also visited: Bailey.

You collected 1916 gold pieces.

Inventory:

Hand Weapons
 g - the +7 mace of Variability (weapon) {chain chaos}
   (You found it in a bailey)

   Each time it hits an enemy it has a different, random effect.
 l - a +1 flail
Missiles
 h - 4 javelins
 j - 27 poisoned darts (quivered)
 v - 32 boomerangs
Armour
 a - a +2 robe (worn)
Jewellery
 b - an uncursed ring of magical power
 d - a cursed -4 ring of evasion (left claw)
 o - an uncursed ring of wizardry
 p - a ring of resist corrosion (right claw)
 A - an uncursed ring of willpower {unknown}
Wands
 f - a wand of iceblast (21)
Scrolls
 c - 2 scrolls of enchant armour
 e - 10 scrolls of teleportation
 k - 4 scrolls of identify {unknown}
 n - 2 scrolls of magic mapping {unknown}
 q - 5 scrolls of fog
 u - a scroll of fear {unknown}
 w - 2 scrolls of remove curse
 y - a scroll of noise {unknown}
Potions
 i - 2 potions of heal wounds
 m - a potion of haste
 r - 4 potions of curing
 s - 2 potions of attraction
 t - 2 potions of brilliance
 x - a potion of ambrosia {unknown}
 z - a potion of degeneration {unknown}
 B - a potion of flight


   Skills:
 + Level 5.9 Fighting
 + Level 1.3 Maces & Flails
 + Level 5.6 Throwing
 + Level 5.7 Dodging
 - Level 9.3 Unarmed Combat


You had 8 spell levels left.
You didn't know any spells.
Your spell library contained the following spells:

 Spells                   Type           Power        Failure   Level
 Corona                   Hex            0%           45%         1
 Ensorcelled Hibernation  Hex/Ice        0%           58%         2
 Confusing Touch          Hex            0%           82%         3
 Dazzling Flash           Conj/Hex       0%           82%         3
 Tukima's Dance           Hex            0%           82%         3


Dungeon Overview and Level Annotations

Branches:
Dungeon (8/15)             Temple (0/1) D:4          Bailey (visited)
   Lair: D:8-11

Altars:
Dithmenos
Elyvilon
Gozag
Nemelex Xobeh
Okawaru
Ru
Vehumet
Xom
Yredelemnul
Zin


Innate Abilities, Weirdness & Mutations

You are too large for most types of armour.
You have claws for hands.
Your natural rate of healing is unusually fast.
You are covered in fur. (AC +1)
You have extremely tough skin. (AC +3)
You have a pair of small antennae on your head.
You have very sharp teeth.
You are partially covered in rugged brown scales. (AC +1, +3% HP)
You have a somewhat thin skeletal structure. (Dex +2, Stealth)
Your flesh is heat resistant. (rF+)
You are strong-willed. (Will+)
You are resistant to electric shocks. (rElec)
Your muscles are strong. (Str +2)
Your spells are a little harder to cast, but a little more powerful.


Message History

The troll is poisoned.
Unknown command.
Unknown command.
You sock the troll!
The troll seems to grow stronger.
Your bite misses the troll.
The troll is moderately wounded.
The troll bites you. The troll claws you!! The troll claws you!
The troll barely misses you. x2; The troll claws you!
You bludgeon the troll!!
The troll is almost dead.
The troll bites you!
* * * LOW HITPOINT WARNING * * *
The troll barely misses you. The troll claws you!!
* * * LOW HITPOINT WARNING * * *
Unknown command.
You barely miss the troll.
The troll is almost dead.
The troll bites you!!
You die...
Xom giggles madly!

..)..##.....##.......#...#.....†.
#.)))........##.<....##.........#
.........##.###......###.#......#
#...#..#.##.##...>.......##.###..
..#....###.....##....##.###.# #..
.###...........##.. . #.. .
#......#....#≈≈≈ ...
#.$.#...###.###≈### ...
..#.....##.).#..@_+ ..
.###....###....T### .. . #...#..
#...(≈≈≈≈≈..h
...#.##...............
.....#..#............. ..
#............. # #.............
............... .#.............


You could see a troll (strong, poisoned).

Vanquished Creatures
  The ghost of snackwell the Changer, a novice MfTm of Cheibriados (D:5)
  Duvessa (D:7)
  2 orc warriors (Bailey)
  2 sky beasts
  2 ogres
  A centaur (D:8)
  2 phantoms
  2 big kobolds (D:8)
  3 bullfrogs
  Dowan (D:7)
  A wyvern zombie (D:7)
  A wyvern skeleton (D:6)
  A scorpion (D:5)
  11 wights
  An electric eel (D:8)
  A howler monkey (D:8)
  A bullfrog zombie (D:6)
  2 jellies
  2 centaur skeletons
  2 orc priests
  5 hounds
  5 iguanas
  6 orc wizards
  6 worker ants
  A killer bee zombie (D:5)
  11 gnolls
  A howler monkey skeleton (D:5)
  7 adders
  A shadow imp (D:5)
  3 white imps
  An ufetubus (D:7)
  3 oozes
  An adder zombie (D:7)
  3 adder skeletons
  A dart slug (D:2)
  5 leopard geckos
  23 orcs
  A ball python (D:3)
  9 giant cockroaches
  13 goblins
  8 hobgoblins
  4 jackals
  26 kobolds
  3 quokkas
  9 bats
  8 frilled lizards
  A jackal skeleton (D:7)
  A quokka zombie (D:5)
  8 rats
214 creatures vanquished.

Vanquished Creatures (collateral kills)
  Sigmund (D:4)
  Edmund (D:4)
  2 orc warriors (Bailey)
  Blork the orc (D:4)
  A hobgoblin (Bailey)
6 creatures vanquished.

Grand Total: 220 creatures vanquished

Notes
Turn   | Place    | Note
-------+----------+-------------------------------------------
     0 | D:1      | runemasterragnar the Troll Chaos Knight began the quest for
                  | the Orb.
     0 | D:1      | Reached XP level 1. HP: 22/22 MP: 0/0
   119 | D:1      | XOM: silly message
   590 | D:1      | Reached XP level 2. HP: 29/29 MP: 1/1
  1145 | D:2      | Reached XP level 3. HP: 36/36 MP: 2/2
  1193 | D:2      | XOM: 2-stop teleportation journey
  1211 | D:2      | Reached skill level 1 in Throwing
  1211 | D:2      | Reached XP level 4. HP: 14/45 MP: 3/3
  1214 | D:2      | Reached skill level 4 in Unarmed Combat
  1272 | D:2      | XOM: give mutations
  1272 | D:2      | Gained mutation: You have a somewhat thin skeletal
                  | structure. (Dex +2, Stealth) [Xom's grace]
  1272 | D:2      | Gained mutation: You have very sharp teeth. [Xom's grace]
  1706 | D:2      | Found an iron altar of Okawaru.
  1815 | D:2      | Found a faded altar of an unknown god.
  1882 | D:2      | XOM: god gift: 45 gold pieces
  1909 | D:2      | XOM: scenery: create altars
  1966 | D:3      | Found a shadowy altar of Dithmenos.
  1969 | D:3      | Reached XP level 5. HP: 53/53 MP: 4/4
  2014 | D:3      | Found a basalt altar of Yredelemnul.
  2098 | D:3      | XOM: 7-stop teleportation journey
  2318 | D:3      | XOM: god gift: scroll labelled QOIDEU XOVVIPU {god gift}
  2426 | D:3      | Found a sparkling altar of Nemelex Xobeh.
  2790 | D:4      | Found a sacrificial altar of Ru.
  2819 | D:4      | Reached XP level 6. HP: 61/61 MP: 5/5
  2860 | D:4      | XOM: noise
  3084 | D:4      | Reached skill level 5 in Unarmed Combat
  3090 | D:4      | XOM: potion effect (might)
  3196 | D:4      | XOM: give mutations
  3196 | D:4      | Gained mutation: You have a pair of small antennae on your
                  | head. [Xom's grace]
  3196 | D:4      | Gained mutation: Your flesh is heat resistant. (rF+) [Xom's
                  | grace]
  3196 | D:4      | Gained mutation: You are partially covered in rugged brown
                  | scales. (AC +1, +3% HP) [Xom's grace]
  3286 | D:4      | Noticed Blork the orc
  3288 | D:4      | Noticed Edmund
  3293 | D:4      | Killed Blork the orc
  3299 | D:4      | Killed Edmund
  3300 | D:4      | Reached XP level 7. HP: 52/70 MP: 6/6
  3355 | D:4      | Noticed Sigmund
  3361 | D:4      | Killed Sigmund
  3416 | D:4      | Found a staircase to the Ecumenical Temple.
  3487 | D:5      | Entered Level 5 of the Dungeon
  3490 | D:5      | XOM: give mutations
  3490 | D:5      | Gained mutation: Your spells are a little harder to cast,
                  | but a little more powerful. [Xom's grace]
  3490 | D:5      | Gained mutation: You are strong-willed. (Will+) [Xom's
                  | grace]
  3505 | D:5      | Reached skill level 6 in Unarmed Combat
  3562 | D:5      | Found a runed translucent door.
  3562 | D:5      | Noticed snackwell's ghost (novice MfTm)
  3642 | D:5      | XOM: summons 3 friendly demons
  3863 | D:5      | Found an opulent altar of Gozag.
  3900 | D:5      | Reached XP level 8. HP: 50/80 MP: 7/7
  4023 | D:5      | XOM: god gift: 36 gold pieces
  4029 | D:5      | Killed snackwell's ghost
  4030 | D:5      | Reached skill level 7 in Unarmed Combat
  4341 | D:5      | XOM: give mutations
  4341 | D:5      | Gained mutation: You are resistant to electric shocks.
                  | (rElec) [Xom's grace]
  4341 | D:5      | Gained mutation: Your muscles are strong. (Str +2) [Xom's
                  | grace]
  4392 | D:5      | XOM: draining
  4508 | D:6      | XOM: god gift: 487 gold pieces
  4530 | D:6      | Found a shimmering altar of Xom.
  4612 | D:6      | XOM: smoke on damage
  4665 | D:6      | XOM: cloud trail
  4869 | D:6      | XOM: cleaving
  4951 | D:6      | XOM: confuse monster(s)
  5001 | D:6      | XOM: scenery: 4 doors open
  5096 | D:6      | Reached skill level 8 in Unarmed Combat
  5127 | D:6      | XOM: cloud trail
  5506 | D:7      | Reached skill level 5 in Fighting
  5539 | D:7      | XOM: scenery: 2 doors open
  5539 | D:7      | Found a flagged portal.
  5568 | Bailey   | Entered a bailey
  5608 | Bailey   | Found the +7 mace of Variability {chain chaos}
  5620 | Bailey   | Reached XP level 9. HP: 72/90 MP: 8/8
  5700 | Bailey   | XOM: cast spell 'Summon Mana Viper'
  5718 | Bailey   | Found a bloodstained altar of Trog.
  5934 | D:7      | Reached skill level 5 in Dodging
  5994 | D:7      | XOM: confuse monster(s)
  6047 | D:7      | Noticed Duvessa
  6049 | D:7      | Noticed Dowan
  6053 | D:7      | Killed Duvessa
  6054 | D:7      | Reached skill level 5 in Throwing
  6056 | D:7      | XOM: blink monster(s)
  6061 | D:7      | Killed Dowan
  6063 | D:7      | XOM: cloud trail
  6229 | D:7      | Found a glowing silver altar of Zin.
  6252 | D:7      | Reached skill level 9 in Unarmed Combat
  6535 | D:8      | Found a white marble altar of Elyvilon.
  6667 | D:8      | Reached skill level 1 in Maces & Flails
  6758 | D:8      | Found a radiant altar of Vehumet.
  6769 | D:8      | Noticed a troll
  6775 | D:8      | HP: 2/91 [troll (18)]
  6776 | D:8      | Demolished by a troll

Illustrated notes

Levels and vault maps discovered:
D:1:      lightli_arrival_windingriver, layout_loops_corners
D:2:      minmay_inner_zag, layout_basic, old_standard_altar,
          chequers_ecumenical_altar_simple_redux, st_stairs_4,
          nrook_mini_vaults, palyth_stone_intersect
D:3:      layout_loops_ring, overflow_temple_1_default,
          nemelex_xobeh_ov_fountains_minmay, serial_forest,
          infiniplex_forest_straight_2, infiniplex_forest_lined_corner,
          infiniplex_forest_3_way, infiniplex_forest_clump_small,
          infiniplex_forest_lined_room_2, grunt_dithmenos_smoke_and_mirrors
D:4:      layout_loops_ring, nicolae_ru_great_annihilating_truth,
          temple_doors_cd, sigmund_edmund_badplayer, uniq_blork_the_orc
D:5:      layout_loops_corners, general_overflow_altar,
          hellmonk_ghost_happy_afterlife
D:6:      layout_gridville, marbit_many_paths
D:7:      layout_gridville, zin_scriptorium, enter_bailey_5, kennysheep_nub,
          uniq_duvessa
D:8:      layout_cave_pools, kennysheep_mini_moat,
          ashenzari_conservatory_becter, lemuel_crystal_altar, erik_lair_island,
          minmay_misc_feat_four_crosses, uniq_pikel

Skill      XL: |  1  2  3  4  5  6  7  8  9 |
---------------+----------------------------+-----
Dodging        | 2 3 4 5 |  5.7
Fighting       | 3 4 5 |  5.9
Throwing       | 1 2 3 4 5 |  5.6
Unarmed Combat | 4 5 6 8 9 |  9.3
Maces & Flails | 1 |  1.3

Action                   |  1- 3 |  4- 6 |  7- 9 || total
-------------------------+-------+-------+-------++-------
Melee: Unarmed           |    92 |   158 |   190 ||   440
       Bite              |       |    14 |    26 ||    40
       Punch             |       |     2 |     1 ||     3
       Great mace        |       |       |   108 ||   108
Throw: Dart              |       |       |    13 ||    13
  Use: Potion            |     3 |     2 |     6 ||    11
       Scroll            |       |     5 |     1 ||     6
 Stab: Distracted        |     1 |       |       ||     1
       Sleeping          |       |     8 |     6 ||    14
       Paralysed         |       |     2 |       ||     2
Armor: Robe              |    57 |    64 |   183 ||   304
       Skin              |       |       |     1 ||     1
Dodge: Dodged            |    54 |    55 |   142 ||   251

Table legend: (Time is in decaauts)
 A = Elapsed time spent in this place.
 B = Non-inter-level travel time spent in this place.
 C = Inter-level travel time spent in this place.
 D = Time resting spent in this place.
 E = Time spent auto-exploring this place.
 F = Levels seen in this place.
 G = Mean time per level.
                   A        B        C        D        E       F      G
               +--------+--------+--------+--------+--------+-----+--------+
         Total |   6797 |   6637 |    160 |    197 |   4985 |   9 |  755.2 |
       Dungeon |   6566 |   6406 |    160 |    165 |   4945 |   8 |  820.8 |
        Bailey |    230 |    230 |      0 |     32 |     40 |   1 |  230.0 |
               +--------+--------+--------+--------+--------+-----+--------+

Top non-repeatable levels by time:
     D:1: 1054 daAuts
     D:5: 985 daAuts
     D:6: 979 daAuts
     D:2: 890 daAuts
     D:7: 873 daAuts
     D:4: 815 daAuts
     D:3: 694 daAuts
     D:8: 272 daAuts
  Bailey: 230 daAuts
